 Dungeon Crawl Stone Soup version 0.25-a0-474-ga8a2ee3166 (webtiles) character file.

Game seed: 9688377936194725682, levelgen mode: deterministic

207 vurker the Gusty (level 5, -1/22 HPs)
             Began as a Felid Air Elementalist on Feb 7, 2020.
             Slain by a slave (2 damage)
             ... led by Pikel
             ... on level 4 of the Dungeon.
             The game lasted 00:06:29 (5930 turns).

vurker the Gusty (Felid Air Elementalist)           Turns: 5930, Time: 00:06:29

Health: -1/22      AC:  1    Str:  4    XL:     5   Next: 54%
Magic:  1/11       EV: 18    Int: 17    God:
Gold:   174        SH:  0    Dex: 17    Spells: 10/11 levels left
                                        Lives:  0   Deaths: 1

rFire    . . .     SeeInvis +   (weapon unavailable)
rCold    . . .     Gourm    .   (shield unavailable)
rNeg     . . .     Faith    .   (armour unavailable)
rPois    .         Spirit   .   (helmet unavailable)
rElec    .         Reflect  .   (cloak unavailable)
rCorr    .         Harm     .   (gloves unavailable)
MR       .....                  (boots unavailable)
Stlth    +++.......             (no amulet)
HPRegen  0.07/turn              (no ring)
MPRegen  0.12/turn              (no ring)

@: quick
A: very small, no armour, no weapons or thrown items, stealth, claws 1, fangs 3,
see invisible, carnivore, speed 1, shaggy fur 1, slow metabolism 1, sharp paws
a: no special abilities


You were on level 4 of the Dungeon.
You were completely stuffed.

You visited 1 branch of the dungeon, and saw 4 of its levels.

You collected 174 gold pieces.

Inventory:

Scrolls
 a - a scroll of noise {unknown}
 c - a scroll of magic mapping {unknown}
 g - 5 scrolls of remove curse
 h - 2 scrolls of identify {unknown}
 i - a scroll of immolation {unknown}
 j - a scroll of amnesia {unknown}
 n - a scroll of blinking {unknown}
Potions
 b - 2 potions of curing {unknown}
 d - a potion of cancellation {unknown}
 f - 2 potions of heal wounds {unknown}
 k - a potion of brilliance {unknown}
 l - a potion of invisibility {unknown}
 m - a potion of resistance {unknown}
Comestibles
 e - 7 rations


   Skills:
 + Level 2.0 Fighting
 - Level 2.6 Dodging
 - Level 2.6 Stealth
 * Level 3.6 Spellcasting
 * Level 3.1 Conjurations
 * Level 4.1 Air Magic


You had 10 spell levels left.
You knew the following spells:

 Your Spells              Type           Power        Failure   Level  Hunger
a - Shock                 Conj/Air       ###.         3%          1    None

Your spell library contained the following spells:

 Spells                   Type           Power        Failure   Level  Hunger
 Swiftness                Chrm/Air       ##......     11%         2    ##.....
 Static Discharge         Conj/Air       ###.....     11%         3    ###....
 Airstrike                Air            ###.......   30%         4    ####...
 Lightning Bolt           Conj/Air       ###.......   71%         5    ######.


Dungeon Overview and Level Annotations

Branches:
Dungeon (4/15)
 Temple: D:4-7

Altars:

Annotations:
D:4 Pikel


Innate Abilities, Weirdness & Mutations

You cannot wear armour.
You are incapable of wielding weapons or throwing items.
Your paws allow you to move quietly. (Stealth)
You have sharp claws.
You have razor-sharp teeth.
You have supernaturally acute eyesight. (SInv)
You are carnivorous and can eat meat at any time.
You cover ground quickly.
You are covered in fur. (AC +1)
You have a slow metabolism.
Your sharp claws are effective at attacking unaware monsters.


Message History

An orc wizard comes into view. It is wielding a +0 dagger.
You hear a shout!
Aim: Pikel, wielding a +2 whip of electrocution and wearing a cursed +0 robe (lightly wounded)
The zap hits Pikel.
An orc wizard comes into view. It is wielding a +0 dagger.
Aim: Pikel, wielding a +2 whip of electrocution and wearing a cursed +0 robe (lightly wounded)
The zap hits Pikel but does no damage. x2
The orc wizard casts a spell.
The orc wizard blinks!
Aim: Pikel, wielding a +2 whip of electrocution and wearing a cursed +0 robe (lightly wounded)
The zap hits Pikel.
Pikel misses you.
An orc comes into view. It is wielding a +0 trident.
Aim: Pikel, wielding a +2 whip of electrocution and wearing a cursed +0 robe (moderately wounded)
The zap hits Pikel.
The orc wizard gestures wildly while chanting.
The orc wizard flickers and vanishes for a moment.
Pikel hits you but does no damage.
Okay, then.
Aim: Pikel, wielding a +2 whip of electrocution and wearing a cursed +0 robe (moderately wounded)
Okay, then.
Pikel completely misses you. That beam is likely to hit you.
Continue anyway?
Okay, then.
The zap hits Pikel. x2; Pikel barely misses you.
The zap hits the slave but does no damage.
The zap hits the slave.
The zap hits the orc priest.
The slave misses you.
An orc comes into view. It is wielding a +0 club.
Pikel barely misses you.
The zap hits the orc priest. x2; The slave hits you.
The orc priest completely misses you.
Pikel hits you with a +2 whip of electrocution.
You are electrocuted!
Ouch! That really hurt!
* * * LOW HITPOINT WARNING * * *
Unknown command.
You are too injured to fight recklessly!
You are too injured to fight recklessly!
You are too injured to fight recklessly!
You are too injured to fight recklessly!
You are too injured to fight recklessly!
The slave barely misses you. The orc priest misses you.
The orc wizard gestures wildly while chanting.
The orc wizard seems to speed up.
Pikel misses you.
You hear a shout!
The slave hits you.
* * * LOW HITPOINT WARNING * * *
An orc priest comes into view. It is wielding a +0 club.
The orc priest misses you. Pikel misses you. The slave hits you.
You die...

..#....#..>....##
..##...#......##
.......#....###
.#.....>....#
.##.....##..#
.#####..##.####
.## #..##.....###
..###...##.....o##
...........##.oK@#
###.###....#..op##
##..####...oo####
##...#.....o..#
..........##.)#
.##....... .....
####...o...#....)#
.....o.......#
.....o.......).


You could see Pikel, a slave, 2 orc priests, 2 orc wizards and 2 orcs.

Vanquished Creatures
  2 orc wizards
  An orc priest (D:3)
  Natasha (thrice) (D:2)
  Robin (D:2)
  A howler monkey skeleton (D:4)
  4 adders
  A worm (D:4)
  A dart slug (D:2)
  3 leopard geckos
  8 orcs
  2 ball pythons (D:3)
  4 bats (D:1)
  4 giant cockroaches
  15 goblins
  14 hobgoblins
  3 jackals (D:3)
  11 kobolds
  2 quokkas
  5 frilled lizards
  A quokka zombie (D:3)
  8 rats
94 creatures vanquished.

Notes
Turn   | Place    | Note
-------+----------+-------------------------------------------
     0 | D:1      | vurker the Felid Air Elementalist began the quest for the
                  | Orb.
     0 | D:1      | Reached XP level 1. HP: 7/7 MP: 4/4
   278 | D:1      | Reached skill level 1 in Conjurations
   592 | D:1      | Reached XP level 2. HP: 11/11 MP: 3/6
   923 | D:1      | Reached skill level 3 in Air Magic
  1483 | D:2      | Reached XP level 3. HP: 11/15 MP: 2/7
  2150 | D:2      | Noticed Robin
  2178 | D:2      | Noticed Natasha
  2506 | D:2      | Reached skill level 1 in Fighting
  2506 | D:2      | Reached XP level 4. HP: 19/19 MP: 0/8
  2835 | D:2      | You fall into a shaft and drop 1 floor!
  3525 | D:2      | Killed Robin
  3673 | D:2      | Killed Natasha
  3924 | D:2      | Noticed Natasha
  3933 | D:2      | Killed Natasha
  3933 | D:2      | Reached XP level 5. HP: 16/22 MP: 3/10
  3970 | D:2      | Noticed Natasha
  3977 | D:2      | Killed Natasha
  5437 | D:4      | Noticed a slave
  5437 | D:4      | Noticed a slave
  5439 | D:4      | Noticed Pikel
  5556 | D:3      | Slain by an orc wizard
  5557 | D:3      | Reached XP level 4. HP: -2/19 MP: 0/10
  5569 | D:3      | Reached skill level 4 in Air Magic
  5569 | D:3      | Reached XP level 5. HP: 22/22 MP: 9/11
  5929 | D:4      | HP: 1/22 [slave[Pikel] (4)]
  5930 | D:4      | Slain by a slave

Levels and vault maps discovered:
D:1:      ebering_trefoil_3fold, layout_loops_corners
D:2:      layout_loops_cross, uniq_robin, uniq_natasha
D:3:      layout_basic, first_ration
D:4:      cheibrodos_pilgrimage, layout_cave_pools, minitemple,
          gammafunk_temple_overflow_elements, uniq_pikel

Skill      XL: |  1  2  3  4  5 |
---------------+----------------+-----
Conjurations   | 1 2 3 |  3.1
Air Magic      | 3 4 |  4.1
Fighting       | 1 2 |  2.0
Spellcasting   | 3 |  3.6
Dodging        | |  2.6
Stealth        | |  2.6

Action                   |  1- 3 |  4- 6 || total
-------------------------+-------+-------++-------
Melee: Unarmed           |     8 |    12 ||    20
       Bite              |     1 |     1 ||     2
 Cast: Shock             |    94 |   170 ||   264
  Use: Scroll            |       |     2 ||     2
  Eat: Chunk             |    11 |    11 ||    22
Armor: Skin              |     3 |     3 ||     6
Dodge: Dodged            |    26 |    56 ||    82

Table legend:
 A = Non-vault XP
 B = Vault XP
 C = Vault XP percentage of total XP
 D = Non-vault monster count
 E = Vault monster count
 F = Vault count percentage of total count
                 A         B        C        D         E       F
            +---------+---------+-------+---------+---------+-------
      Total |     391 |      75 |  16.1 |      80 |      14 |  14.9
            +---------+---------+-------+---------+---------+-------
        D:1 |      31 |       0 |   0.0 |      18 |       0 |   0.0
        D:2 |     145 |      69 |  32.2 |      30 |      12 |  28.6
        D:3 |     146 |       0 |   0.0 |      26 |       0 |   0.0
        D:4 |      69 |       6 |   8.0 |       6 |       2 |  25.0
            +---------+---------+-------+---------+---------+-------
